 Dungeon Crawl Stone Soup version 0.29.1-15-g9cfb28693d (webtiles) character file.

Game seed: 9666866652327734933

33 Smoke131 the Trooper (level 3, -7/27 (33) HPs)
             Began as a Hill Orc Fighter on Feb 23, 2023.
             Mangled by Terence
             ... wielding the +7 Throatcutter {drain, coup de grace}
              (8 damage)
             ... on level 2 of the Dungeon.
             The game lasted 00:02:22 (738 turns).

Smoke131 the Trooper (Hill Orc Fighter)              Turns: 738, Time: 00:02:22

HP:   -7/27 (33)    AC:  7    Str: 20    XL:     3   Next: 29%
MP:   3/3           EV:  9    Int:  8    God:
Gold: 78            SH:  4    Dex: 10    Spells: 2/2 levels left

rFire   . . .      SeeInvis .   a - +0 war axe
rCold   . . .      Faith    .   c - +0 buckler
rNeg    . . .      Spirit   .   b - +0 scale mail
rPois   .          Reflect  .   (no helmet)
rElec   .          Harm     .   (no cloak)
rCorr   .          Rampage  .   (no gloves)
Will    .....                   (no boots)
Stlth   ..........              (no amulet)
HPRegen 0.09/turn               (no ring)
MPRegen 0.08/turn               (no ring)

@: mighty, heavily drained
A: no striking features
a: no special abilities


You were on level 2 of the Dungeon.
You visited 1 branch of the dungeon, and saw 2 of its levels.

You collected 78 gold pieces.

Inventory:

Hand Weapons
 a - a +0 war axe (weapon)
Armour
 b - a +0 scale mail (worn)
 c - a +0 buckler (worn)
Scrolls
 f - a scroll of butterflies {unknown}
 g - 2 scrolls of identify {unknown}
 h - a scroll of blinking {unknown}
 i - a scroll of teleportation {unknown}
 j - a scroll of enchant weapon {unknown}
Potions
 d - a potion of might
 e - a potion of heal wounds {unknown}
 k - a potion of lignification {unknown}
 l - a potion of degeneration {unknown}
 m - a potion of resistance {unknown}
 n - a potion of ambrosia {unknown}


   Skills:
 + Level 4.0 Fighting
 + Level 3.3 Axes
 + Level 3.7 Armour
 + Level 3.7 Shields


You had 2 spell levels left.
You didn't know any spells.
Your spell library contained the following spells:

 Spells                   Type           Power      Damage    Failure   Level
 Ignite Poison            Fire/Tmut/Pois 0%         N/A       99%         3
 Mephitic Cloud           Conj/Pois/Air  0%         N/A       99%         3
 Ozocubu's Armour         Ice            0%         N/A       99%         3
 Freezing Cloud           Conj/Ice/Air   0%         6-21      100%        5
 Ozocubu's Refrigeration  Ice            0%         4d7       100%        7


Dungeon Overview and Level Annotations

Branches:
Dungeon (2/15)

Altars:

Annotations:
D:2 Terence


Message History

There is an open door here.
A kobold comes into view. It is wielding a +0 dagger.
The kobold shouts!
The kobold completely misses you.
You hit the kobold.
You kill the kobold!
Things that are here:
a +0 dagger; a kobold corpse
n - a puce potion
Things that are here:
a +0 dagger; a kobold corpse
There is an open door here.
Things that are here:
a +0 whip; a kobold corpse You see here a rat corpse.
Found a stone staircase leading down.
Terence the Incautious comes into view.
He is wielding the +7 Throatcutter {drain, coup de grace} and wearing a +1 chain mail of fire resistance.
You hit Terence but do no damage.
Terence hits you with the +7 Throatcutter {drain, coup de grace}!
You feel drained.
Terence hits you with the +7 Throatcutter {drain, coup de grace}.
You feel drained.
You feel very mighty all of a sudden. Terence closely misses you.
You slash Terence!
Terence is almost dead.
Terence closely misses you.
You closely miss Terence.
Terence is almost dead.
Terence hits you with the +7 Throatcutter {drain, coup de grace}!
* * * LOW HITPOINT WARNING * * *
You feel drained.
* * * LOW HITPOINT WARNING * * *
Terence hits you with the +7 Throatcutter {drain, coup de grace}.
* * * LOW HITPOINT WARNING * * *
You feel drained.
You barely miss Terence.
Terence is almost dead.
Terence hits you with the +7 Throatcutter {drain, coup de grace}!
You die...

.#....#.#.##.#
##.##.#.#.##.#
##†##.#.#....#
##.##.#.####.##########
.).##.#....#...[..(...#
...#...###.#..........#
..####.###.#...)......#
..# #.....#....@.....#
..# #######....@...>.#
..# #..........# ..#
#..........# ..#
#.#+########## ..#
##.........>..# ###
#.............#
####+##.....)....#
#................#
#................#


You could see Terence.

Vanquished Creatures
  3 worms (D:2)
  A giant cockroach (D:1)
  3 goblins (D:1)
  3 hobgoblins
  3 jackals (D:1)
  A ball python (D:1)
  A frilled lizard (D:1)
  4 kobolds
  8 rats
27 creatures vanquished.

Notes
Turn   | Place    | Note
-------+----------+-------------------------------------------
     0 | D:1      | Smoke131 the Hill Orc Fighter began the quest for the Orb.
     0 | D:1      | Reached XP level 1. HP: 19/19 MP: 1/1
   122 | D:1      | Found a faded altar of an unknown god.
   312 | D:1      | Reached XP level 2. HP: 27/27 MP: 2/2
   597 | D:2      | Reached skill level 4 in Fighting
   602 | D:2      | Reached XP level 3. HP: 32/33 MP: 3/3
   729 | D:2      | Noticed Terence
   737 | D:2      | HP: 1/28 [Terence/the +7 Throatcutter {drain, coup de
                  | grace} (1)]
   738 | D:2      | Mangled by Terence

Illustrated notes

Levels and vault maps discovered:
D:1:      minmay_arrival_doors, layout_rooms, basic_ecumenical_altar
D:2:      layout_basic, minmay_rat_gold_closets, uniq_terence

Skill      XL: |  1  2 |
---------------+-------+-----
Axes           | 3 |  3.3
Fighting       | 4 |  4.0
Armour         | |  3.7
Shields        | |  3.7

Action                   || total
-------------------------++-------
Melee: War axe           ||    56
  Use: Potion            ||     1
Armor: Scale mail        ||    18
Dodge: Dodged            ||    18
Block: Buckler           ||    11
